[Event "II Llinars Open 2022"]
[Site "Llinars del Valles"]
[Date "2022.07.01"]
[Round "7.4"]
[White "Valenzuela Gomez, Fernando"]
[Black "Fanninger, Leon"]
[Result "1/2-1/2"]
[ECO "C78"]
[WhiteElo "2373"]
[BlackElo "2157"]
[Annotator "TA"]
[PlyCount "145"]
[EventDate "2022.06.24"]
[EventType "swiss"]
[EventCountry "ESP"]
[SourceTitle "playchess.com"]
[Source "ChessBase"]
[SourceQuality "1"]
[TimeControl "5400+30"]

1. e4 e5 2. Nf3 Nc6 3. Bb5 a6 4. Ba4 Nf6 5. O-O b5 6. Bb3 Bc5 7. c3 d6 8. d4 Bb6 9. Be3 O-O 10. h3 Bb7 11. Nbd2 h6 12. Re1 exd4 13. cxd4 Na5 {[%emt 0:01:40] C78: Ruy Lopez: Archangelsk and Möller Defences.} 14. Bc2 Re8 15. d5 c6 16. b4 Nc4 17. Nxc4 bxc4 18. Ba4 Rc8 19. Nd4 Bxd4 ({Don't do} 19... cxd5 20. Bxe8 Nxe8 21. exd5 $16) ({Resist} 19... Nxe4 20. dxc6 Ba8 21. c7 Qxc7 22. Bxe8 Rxe8 23. Nf5 $14) 20. Bxd4 Rxe4 21. Rxe4 Nxe4 22. Qg4 Nf6 23. Bxf6 Qxf6 24. Re1 {[%emt 0:00:09] [#] Strongly threatening dxc6.} Qd8 $146 (24... cxd5 $2 25. Qd7 $18) ({Predecessor:} 24... Rf8 25. dxc6 Qc3 26. Re3 Qc1+ 27. Kh2 Bc8 28. Qd4 Qf1 29. Rg3 g6 30. Bc2 Qe2 {1-0 (37) Lindh,F (2244)-Hector,J (2493) Vasteras 2015}) 25. Qxc4 cxd5 26. Qd4 {[%emt 0:00:05] And now Re8+ would win.} Qg5 (26... Rc4 $15 27. Qd2 Re4) 27. h4 $11 Qf5 (27... Qf6 $1 $11 {and Black is okay.} 28. Qxf6 gxf6) 28. Qa7 $2 (28. Qb6 $18 Ba8 29. Qxa6) 28... Bc6 29. Bxc6 Rxc6 {[%emt 0:00:00][%mdl 4096] Endgame KQR-KQR} 30. Qa8+ Rc8 31. Qxa6 Rc2 32. Qa7 Rb2 33. a3 Qf6 34. Rf1 {[%emt 0:07:19] Black should prevent Qa8+.} d4 35. Qa8+ Kh7 36. Qe4+ Kg8 37. Qd3 Qxh4 38. b5 Qg5 (38... d5 $5 ) 39. Rb1 Qf4 40. Rf1 Qe5 (40... d5 $5 ) 41. a4 Qc5 42. Rd1 (42. Rb1 $5 ) 42... Rb4 43. Ra1 (43. Qe4 $1 $11) 43... Qc3 $36 {[%emt 0:00:26][%mdl 2048] Black is more active.} 44. Qd1 (44. Qxc3 $15 dxc3 45. Rc1) 44... d3 $1 $19 {[%emt 0:00:14] White must now prevent ...d2.} 45. a5 $2 {[%emt 0:01:15] [#]} (45. Rc1 Qd4 46. Qf3) 45... Rxb5 $2 (45... d2 $1 $19 {is more deadly. ...Re4 is the strong threat.} 46. Ra2 {[#]} Rb1 $3 47. Qxb1 Qc1+ 48. Qxc1 dxc1=Q+ 49. Kh2 Qb1) 46. a6 $17 Rb8 47. a7 Ra8 48. Ra2 d2 (48... d5 {seems wilder.} 49. Qb1 Qc7 50. Qxd3 Rxa7 51. Rxa7 Qxa7 52. Qxd5 Qe7) 49. Qxd2 Qxd2 50. Rxd2 Rxa7 51. Rxd6 $15 {[%emt 0:00:01] KR-KR} Kh7 52. g3 Re7 53. Kg2 Re6 54. Rd7 Kg6 55. Rd5 f5 56. Kf3 Kf6 57. Ra5 Rb6 58. Rc5 Rb3+ 59. Kg2 Kg5 60. Rc7 g6 61. Rc6 Rb2 62. Rc4 Rb6 63. Ra4 Kf6 64. Kf3 g5 65. Ra5 Rb3+ 66. Kg2 g4 67. Ra4 Rf3 68. Ra6+ {[%emt 0:00:18] The position is equal.} Kg5 69. Ra5 h5 70. Ra8 Rb3 71. Rg8+ Kh6 72. Rh8+ Kg6 73. Rg8+ {[%emt 0:00:10] Weighted Error Value: White=0.36/Black=0.27 (precise)} 1/2-1/2

[Event "II Llinars Open 2022"]
[Site "Llinars del Valles"]
[Date "2022.07.01"]
[Round "7.5"]
[White "Uber Gracia, Hugo"]
[Black "Jimenez Ruano, Adrian"]
[Result "0-1"]
[ECO "C54"]
[WhiteElo "1915"]
[BlackElo "2263"]
[Annotator "TA"]
[PlyCount "66"]
[EventDate "2022.06.24"]
[EventType "swiss"]
[EventCountry "ESP"]
[SourceTitle "playchess.com"]
[Source "ChessBase"]
[SourceQuality "1"]
[TimeControl "5400+30"]

1. e4 e5 2. Nf3 Nc6 3. Bc4 Bc5 4. O-O Nf6 5. d3 d6 6. c3 a6 7. a4 Ba7 8. b4 h6 {[%emt 0:01:32] C54: Giuoco Piano: 4 c3 Nf6, main lines with 5 d4 and 5 d3.} 9. Re1 O-O 10. Nbd2 Ne7 {[%emt 0:01:59] The position is equal.} 11. Nf1 c6 12. Ng3 d5 (12... Qb6 13. Be3 Qc7 14. Bxa7 Rxa7 15. a5 $14) 13. Bb3 Ng6 14. h3 Re8 ({Resist} 14... Qb6 15. Be3 Qc7 16. Bxa7 Rxa7 17. d4 $14) 15. Qc2 Be6 16. Bb2 {[%emt 0:04:17] [#]} (16. exd5 $11 {and White stays safe.} Bxd5 17. Bxd5 cxd5 18. Be3) 16... Qd7 {[%emt 0:03:48] [#]} ({Black should try} 16... Qc8 $1 $19 {[%cal Oe6h3] ...Bxh3! is the strong threat.} 17. exd5 Bxh3) 17. d4 $146 ({Better is} 17. exd5 $1 $15 Bxd5 18. Bxd5 Nxd5 19. Rad1) ({Predecessor:} 17. exd5 Bxd5 18. Bxd5 cxd5 19. c4 d4 20. Re2 Bb8 21. Bc1 Bd6 22. Bd2 Rac8 23. Rae1 {1-0 (32) Zierk,S (2499)-Kovalev,V (2637) Chess.com INT 2021}) 17... Nxe4 18. Nxe4 dxe4 (18... Bf5 $142 19. dxe5 Nxe5 20. Nxe5 Rxe5) 19. Bxe6 $17 Qxe6 20. Rxe4 f5 21. Re3 ({White should play} 21. Rxe5 $1 $15 Nxe5 22. Nxe5) 21... e4 22. Rae1 Bb8 23. g3 {[%emt 0:00:49] Inhibits Nf4.} Bc7 (23... Bd6 $17 24. a5 Kh7) 24. a5 (24. Nd2 $15) 24... Qd7 25. Nd2 Re7 {[%emt 0:00:28] And now ...f4 would win.} 26. Nb3 $2 {[%emt 0:01:03][%mdl 8192] [#]} (26. R3e2 $17) 26... f4 $1 $19 {[%emt 0:05:07] Threatens to win with ...f3.} 27. Rxe4 {[%emt 0:05:53] [#]} (27. Nc5 $142 Qxh3 28. gxf4) 27... Qxh3 $1 28. f3 Rxe4 29. Rxe4 fxg3 {[%emt 0:00:10] ( -> ...Nh4)} 30. Rg4 Nh4 {[%emt 0:00:38][%cal Rh4f3] Black mates.} 31. Qe2 {[%emt 0:00:28] [#]} Nxf3+ $1 32. Qxf3 Qh2+ 33. Kf1 Rf8 {[%emt 0:00:01] Weighted Error Value: White=0.90/Black=0.23 (precise)} 0-1

[Event "II Llinars Open 2022"]
[Site "Llinars del Valles"]
[Date "2022.07.01"]
[Round "7.6"]
[White "Munoz, Miguel"]
[Black "Juan Lepp, Jaime Boris"]
[Result "1-0"]
[ECO "C22"]
[WhiteElo "2421"]
[BlackElo "1921"]
[Annotator "TA"]
[PlyCount "97"]
[EventDate "2022.06.24"]
[EventType "swiss"]
[EventCountry "ESP"]
[SourceTitle "playchess.com"]
[Source "ChessBase"]
[SourceQuality "1"]
[TimeControl "5400+30"]

1. e4 e5 2. d4 exd4 3. Qxd4 Nc6 4. Qe3 Nf6 5. Bd2 Be7 6. c4 {[%emt 0:01:05] Inhibits d5. C22: Centre Game.} O-O 7. Nc3 d6 8. O-O-O {[%emt 0:00:17] The position is equal.} Ng4 9. Qe1 {[%emt 0:00:26] [#]} Be6 $146 (9... Bf6 $11) ({Predecessor:} 9... f5 10. h3 Nf6 11. exf5 Bxf5 12. g4 Bg6 13. f4 Re8 14. f5 Bf7 15. Nf3 Nd7 {1-0 (34) Munoz,M (2451)-Soler Lopez,H (1979) Barcelona 2016}) 10. f4 $14 f5 (10... a6 $142) 11. h3 $1 $16 {[%emt 0:00:57] aiming for exf5.} Nf6 12. exf5 Bxf5 13. g4 Bg6 {[%emt 0:02:29] [#]} 14. Nf3 $1 Re8 15. f5 Bf7 16. Ng5 Ne5 (16... Nd7 $16 {is a better defense.} 17. Nxf7 Kxf7) 17. Nxf7 Nxf7 18. g5 $2 ({Better is} 18. Qg3 $18) 18... Nd7 $11 19. Qg3 {[%emt 0:00:56] Threatens to win with f6.} (19. g6 $2 {[#]} Bh4 $1 20. gxf7+ Kxf7 21. Qe6+ Rxe6 $19) 19... Bxg5 20. Rg1 Bxd2+ (20... Bf6 $1 $15) 21. Rxd2 (21. Kxd2 Qf6 22. Kc2 c6 $17) 21... Qf6 22. Rdg2 $36 {[%emt 0:03:26][%cal Rg3g7][%mdl 2048] Black is under pressure.} Qh6+ (22... Kh8 $1 $11) 23. Kc2 $14 Kh8 24. Nd5 (24. Qxg7+ $14 Qxg7 25. Rxg7) 24... Rac8 $2 {[%emt 0:02:03] White stays focused until the end.} (24... Rg8 $11 {and Black stays safe.}) 25. Qxg7+ $18 Qxg7 26. Rxg7 Rg8 {[%emt 0:00:58] [#]} (26... Nfe5 $142) 27. Rxf7 $1 {[%emt 0:02:54] Strongly threatening Rxg8+.} Rxg1 28. Rxd7 Rg7 (28... Rxf1 29. Nf6 Rf2+ 30. Kd1 Rf1+ 31. Ke2) 29. Ne7 Re8 30. f6 Rf7 31. Bd3 (31. Rxc7 $6 Rxf6 32. Bd3 (32. Rxb7 Rxf1 33. Nd5 a5 $17) 32... Rf7 $18) 31... Rxf6 32. Nf5 ({Don't take} 32. Rxc7 $6 Rf7 $18) 32... Ref8 $2 (32... Rc8 {might work better.} 33. Kc3 Re6) 33. Rxc7 Rxf5 34. Bxf5 Rxf5 35. Rxb7 {[%emt 0:00:12][%mdl 4096] Endgame KR-KR} a5 36. Rb3 (36. Rb5 $142 Rf4 37. Kb3 (37. Rxa5 Rxc4+ 38. Kb1 Kg7 $18)) 36... Kg7 (36... Rf4 {was called for.} 37. Rb8+ Kg7) 37. Rd3 Rc5 $2 (37... Rh5 38. a3 (38. Rxd6 Rxh3 39. Ra6 Rh4 $18) 38... Rh4) 38. Kc3 {[%emt 0:00:18] White is clearly winning.} Rc6 39. Rd5 Ra6 40. b3 Kf6 41. Kb2 Ke6 42. Ka3 a4 (42... Ra7 $142 43. Ka4 Rf7 44. Rxa5 Rf2) 43. b4 Rc6 44. Rd4 Ra6 45. b5 Ra7 46. Kb4 {[%emt 0:00:08] b6 is the strong threat.} Ke5 47. Rd5+ Ke6 48. b6 Rb7 49. Kb5 {[%emt 0:00:14] Weighted Error Value: White=0.21 (precise) /Black=0.46} 1-0

[Event "II Llinars Open 2022"]
[Site "Llinars del Valles"]
[Date "2022.07.01"]
[Round "7.7"]
[White "Diaz Perez, Michel Alejandro"]
[Black "Parra Ordorica, Arnau"]
[Result "1-0"]
[ECO "A03"]
[WhiteElo "2439"]
[BlackElo "2001"]
[Annotator "TA"]
[PlyCount "109"]
[EventDate "2022.06.24"]
[EventType "swiss"]
[EventCountry "ESP"]
[SourceTitle "playchess.com"]
[Source "ChessBase"]
[SourceQuality "1"]
[TimeControl "5400+30"]

1. f4 d5 2. Nf3 Nf6 3. g3 g6 4. Bg2 Bg7 5. d3 O-O 6. O-O c5 7. Qe1 d4 8. h3 {[%emt 0:04:17] A03: Bird's Opening with 1...d5.} Nc6 9. e4 dxe3 10. Qxe3 {[%emt 0:06:58] [#] Black has an edge.} Qd6 $146 ({Predecessor:} 10... b6 11. Na3 Bb7 12. Nc4 Rc8 13. Nfe5 b5 14. Nxc6 Bxc6 15. Ne5 Bxg2 16. Kxg2 Nd7 {½-½ (37) Hoynck van Papendrecht,F (2134)-Avchinikov,V (2208) ICCF email 2015}) 11. Na3 Nd5 12. Qe2 a6 13. Nc4 Nd4 (13... Qc7 $11) 14. Qe4 (14. Nxd4 $16 Bxd4+ 15. Kh2) 14... Qe6 (14... Qc7 $11 {should be considered.} 15. Nxd4 (15. Qxd5 Rd8 $17) 15... Bxd4+ 16. Kh2 Be6) 15. Nxd4 $14 Bxd4+ 16. Kh2 Rd8 17. Ne5 (17. g4 $16) 17... Nf6 (17... Nb4 $1 $15 18. c3 Bxe5 19. cxb4 Bd4) 18. Qe1 Nd7 {[%emt 0:01:09] [#] White stays focused until the end.} (18... Ra7 $14) 19. Nc4 $1 $16 {[%emt 0:07:26] Hoping for Qa5.} Qxe1 20. Rxe1 Bf6 21. g4 Kf8 22. f5 {[%emt 0:04:48] White is more active.} gxf5 (22... g5 $16 {was necessary.}) 23. Bh6+ Bg7 24. Bxg7+ Kxg7 25. Rxe7 fxg4 26. hxg4 {[%emt 0:02:09][%cal Bh3g4,Bg4g5][%mdl 32] [#] Rf1 is the strong threat.} Nf6 27. g5 ({Worse is} 27. Bxb7 Ra7 28. Rxf7+ (28. g5 Nd5 $15) 28... Kxf7 $11) 27... Ng8 28. Rc7 {[%emt 0:02:04] Threatens to win with Nb6.} ({Stronger than} 28. Bxb7 Rb8 29. Bxc8 Nxe7 $17) 28... Rd7 29. Rxc5 Rd8 30. Rc7 {[%emt 0:01:32] And now Ne5 would win.} Rd7 31. Rxd7 Bxd7 32. Bxb7 Rb8 33. Be4 Be6 34. b3 Bxc4 35. dxc4 $18 {[%emt 0:00:24][%mdl 4096] Endgame KRB-KRN} Re8 36. Bd3 Re5 37. b4 a5 (37... Ne7 $142 38. Rb1 Nc8) 38. b5 Ne7 39. Rb1 Kf8 40. b6 Nc6 41. Rb5 Re7 42. b7 Nb8 43. Kg3 Ke8 44. Kf4 Kd8 45. Bxh7 f6 46. Be4 fxg5+ 47. Rxg5 Kc7 48. Rxa5 {[%emt 0:01:07] White wants to mate with Rc5+.} Kb6 {[%emt 0:00:24] Inhibits Rc5.} 49. Rb5+ {[%emt 0:00:38] White mates.} Ka6 50. a4 Rc7 51. c5 Rf7+ 52. Ke5 Rg7 53. c6 Rc7 54. Kd6 Rg7 55. Bf5 {[%emt 0:00:42] Weighted Error Value: White=0.21 (precise) /Black=0.37} 1-0

[Event "II Llinars Open 2022"]
[Site "Llinars del Valles"]
[Date "2022.07.01"]
[Round "7.8"]
[White "Garcia Gallardo, Victor"]
[Black "Casares Bonals, Asier"]
[Result "0-1"]
[ECO "A34"]
[WhiteElo "1983"]
[BlackElo "1741"]
[Annotator "NA"]
[PlyCount "88"]
[EventDate "2022.06.24"]
[EventType "swiss"]
[EventCountry "ESP"]
[SourceTitle "playchess.com"]
[Source "ChessBase"]
[SourceQuality "1"]
[TimeControl "5400+30"]

1. Nf3 Nf6 2. c4 c5 3. Nc3 d5 4. cxd5 Nxd5 5. e3 a6 6. Bc4 Nxc3 7. bxc3 e6 8. a4 Nc6 9. d4 cxd4 10. cxd4 Bd6 11. O-O Bd7 12. Bb2 O-O 13. Qe2 Rc8 14. Bd3 Qe7 15. Nd2 Nb4 16. Bb1 b5 17. a5 f5 18. Nf3 Bc6 19. Ne5 Bb7 20. f4 Rc7 21. e4 Rfc8 22. Ba3 Nc2 23. exf5 Nxa3 24. Be4 Rc2 25. Qe1 Bxe4 26. Qxe4 exf5 27. Qxf5 R2c3 28. Rae1 Rf8 29. Qe4 Bxe5 30. fxe5 Nc4 31. Rxf8+ Qxf8 32. Rf1 Qd8 33. Qf5 h6 34. e6 Re3 35. d5 Nd6 36. Qf4 Re4 37. Qf3 Re5 38. Rc1 Nf5 39. Rd1 Nd6 40. Qc3 Nc4 41. Qd4 Re2 42. d6 Rxe6 43. Qd5 Qxd6 44. Qa8+ Qf8 0-1

[Event "II Llinars Open 2022"]
[Site "Llinars del Valles"]
[Date "2022.07.02"]
[Round "8.1"]
[White "Ayats Llobera, Gerard"]
[Black "Narciso Dublan, Marc"]
[Result "1/2-1/2"]
[ECO "B01"]
[WhiteElo "2423"]
[BlackElo "2464"]
[Annotator "TA"]
[PlyCount "38"]
[EventDate "2022.06.24"]
[EventType "swiss"]
[EventCountry "ESP"]
[SourceTitle "playchess.com"]
[Source "ChessBase"]
[SourceQuality "1"]
[TimeControl "5400+30"]

1. e4 d5 2. exd5 Qxd5 3. Nc3 Qa5 4. d4 Nf6 5. Nf3 Bf5 6. Bc4 e6 7. O-O Nbd7 8. Bd2 c6 {[%emt 0:01:32] [#]} 9. Nd5 $1 {[%emt 0:07:14] B01: Scandinavian Defence.} Qd8 10. Nxf6+ Nxf6 11. h3 {[%emt 0:00:17] [#] White has an edge.} Be7 $146 {[%emt 0:02:56] The position is equal.} ({Predecessor:} 11... Bd6 12. Re1 O-O 13. c3 h6 14. Qe2 Qc7 15. Bb3 c5 16. Rad1 Rad8 17. Be3 Be4 {0-1 (54) Maksimovic,B (2455)-Grischuk,A (2758) Chess.com INT 2022}) 12. Bb3 O-O 13. Qe2 a5 14. a4 Qb6 15. Rad1 Rfd8 16. Bc1 Be4 17. Bc4 Bd5 18. Bd3 Bxf3 19. Qxf3 Rd7 {[%emt 0:07:07] A rather calm draw.  Weighted Error Value: White=0.07 (flawless) /Black=0.05 (flawless)} 1/2-1/2

[Event "II Llinars Open 2022"]
[Site "Llinars del Valles"]
[Date "2022.07.02"]
[Round "8.2"]
[White "Segura Marsa, Andres"]
[Black "Garcia Ramos, Daniel"]
[Result "0-1"]
[ECO "C50"]
[WhiteElo "1862"]
[BlackElo "2441"]
[Annotator "TA"]
[PlyCount "100"]
[EventDate "2022.06.24"]
[EventType "swiss"]
[EventCountry "ESP"]
[SourceTitle "playchess.com"]
[Source "ChessBase"]
[SourceQuality "1"]
[TimeControl "5400+30"]

1. e4 e5 2. Nf3 Nc6 3. Bc4 Bc5 4. d4 Bxd4 5. Nxd4 Nxd4 6. Be3 {[%emt 0:00:18] C50: Hungarian Defence and Giuoco Pianissimo.} (6. Qh5 Qe7 7. Qd1 Nf6 $17) 6... b5 {[%emt 0:06:53] [#]} 7. Bxd4 $146 ({Predecessor:} 7. Bd3 a6 8. O-O {1-0 (8) Kepinski,J (1599)-Margot,A (1400) FICGS email 2007}) 7... exd4 8. Bxb5 {[%emt 0:05:27] The position is equal.} Qg5 9. Bf1 (9. Qxd4 $5 Qc1+ 10. Ke2 (10. Qd1 $2 Qxb2 11. Na3 Qxa3 $19) 10... Qxh1 11. Qxg7 $11) 9... Nf6 10. Nd2 O-O {[%emt 0:01:55] White must now prevent ...Re8.} 11. Nf3 Qa5+ 12. Qd2 Qxd2+ 13. Nxd2 Re8 14. O-O-O Ng4 15. Bc4 Bb7 (15... Re7 $5 16. Rdf1 d6 $11) 16. Rdf1 c5 ({But not} 16... Bxe4 17. f3 $16) 17. h3 Ne5 $36 {[%emt 0:08:58][%mdl 2048] Black is more active.} 18. Bd3 f5 19. f3 f4 {[%emt 0:01:05] Black is more active.} (19... fxe4 $15 20. Bxe4 d5) 20. Nc4 Nxd3+ 21. cxd3 Ba6 22. b3 (22. Kc2 $11) 22... Bxc4 $17 23. bxc4 {[%emt 0:03:30][%mdl 4096] Endgame KRR-KRR} Re6 24. Kc2 Ra6 25. Ra1 Rb8 26. a3 ({White should try} 26. a4) 26... Rbb6 27. Rhf1 Kf7 28. Ra2 (28. a4 $17) 28... Kg6 $19 29. g4 (29. a4 {was worth a try.}) 29... fxg3 30. Rg1 Kg5 31. Rxg3+ {[%emt 0:00:45] [#]} Kf4 $1 32. Rxg7 {[%emt 0:00:19] [#]} (32. Rg4+ Kxf3 33. Rg1 (33. Rxg7 $2 Rg6 $19)) 32... Rg6 $1 33. Rxg6 Rxg6 {[%emt 0:00:02] KR-KR} 34. Kb3 Kxf3 {[%emt 0:00:17] ...Ke3 is the strong threat.} 35. Ka4 (35. Ra1 $142 Ke2 36. Kc2) 35... Ke3 36. Kb5 Rc6 37. Rg2 a6+ 38. Ka5 Kxd3 39. Rg7 Kxe4 40. Rxd7 d3 41. Ka4 Rb6 42. Ka5 Rb1 {[%emt 0:00:56] ( -> ...Ke3)} 43. Kxa6 Ke3 {[%emt 0:00:23] Black mates.} 44. Re7+ Kd4 45. Rxh7 d2 46. Rd7+ Kc3 47. a4 d1=Q 48. Rxd1 Rxd1 49. Kb5 Kd4 50. a5 Rh1 {[%emt 0:00:10] Weighted Error Value: White=0.76/Black=0.05 (flawless)} 0-1

[Event "II Llinars Open 2022"]
[Site "Llinars del Valles"]
[Date "2022.07.02"]
[Round "8.3"]
[White "Jimenez Ruano, Adrian"]
[Black "Valenzuela Gomez, Fernando"]
[Result "1/2-1/2"]
[ECO "D32"]
[WhiteElo "2263"]
[BlackElo "2373"]
[Annotator "ChessBase"]
[PlyCount "134"]
[EventDate "2022.06.24"]
[EventType "swiss"]
[EventCountry "ESP"]
[SourceTitle "playchess.com"]
[Source "ChessBase"]
[SourceQuality "1"]
[TimeControl "5400+30"]

1. d4 d5 2. Nf3 Nf6 3. e3 c5 4. dxc5 e6 5. c4 Bxc5 6. Nc3 O-O 7. cxd5 exd5 8. Be2 Nc6 9. O-O Re8 10. a3 a5 11. Nb5 Ne4 12. Nfd4 Bb6 13. b3 Nxd4 14. exd4 Bd7 15. Be3 Re6 16. Rc1 Rg6 17. Kh1 Qe7 18. a4 Rc6 19. Bd3 Rac8 20. Rxc6 bxc6 21. Bxe4 dxe4 22. Nc3 Bc7 23. Re1 Qd6 24. g3 Qg6 25. f3 exf3 26. Qxf3 Qd3 27. Ne4 Bb6 28. Nd6 Rf8 29. Nc4 Bc7 30. Qd1 Qe4+ 31. Kg1 Bh3 32. Qe2 Re8 33. Nd2 Qd5 34. Qf3 Qd7 35. Ne4 Qd5 36. Bf2 Be6 37. Kg2 Rb8 38. Nd2 Qxf3+ 39. Kxf3 Bd6 40. Re3 h5 41. Ke2 Bd5 42. Be1 Bb4 43. Nc4 Bxc4+ 44. bxc4 Bxe1 45. Kxe1 Rb4 46. d5 cxd5 47. cxd5 Rxa4 48. d6 Rd4 49. Ra3 g6 50. Rxa5 Rxd6 51. Ke2 Rf6 52. h4 Kg7 53. Ra8 Rf5 54. Ra6 Rf6 55. Ra8 Rb6 56. Ra7 Kf6 57. Kf3 Rb3+ 58. Kf4 Rb4+ 59. Kf3 Rd4 60. Ke3 Rd6 61. Kf4 Rd1 62. Ra6+ Ke7 63. Ra7+ Ke6 64. Ra6+ Rd6 65. Ra4 f6 66. Re4+ Kd7 67. Ra4 Ke6 1/2-1/2

[Event "II Llinars Open 2022"]
[Site "Llinars del Valles"]
[Date "2022.07.02"]
[Round "8.4"]
[White "Munoz, Miguel"]
[Black "Serrano Batova, Vicent"]
[Result "1-0"]
[ECO "B20"]
[WhiteElo "2421"]
[BlackElo "1992"]
[Annotator "TA"]
[PlyCount "47"]
[EventDate "2022.06.24"]
[EventType "swiss"]
[EventCountry "ESP"]
[SourceTitle "playchess.com"]
[Source "ChessBase"]
[SourceQuality "1"]
[TimeControl "5400+30"]

1. e4 c5 2. g3 Nc6 3. Bg2 g6 4. Ne2 Bg7 5. c3 e5 6. d3 {[%emt 0:00:07] B20: Sicilian: Unusual White 2nd moves.} h5 7. h3 d6 8. Be3 {[%emt 0:00:12] [#] The position is equal.} Be6 $146 ({Predecessor:} 8... Nge7 9. O-O O-O 10. Na3 Be6 11. d4 exd4 12. cxd4 d5 13. e5 cxd4 14. Nxd4 Nxe5 15. Nxe6 fxe6 {1-0 (34) Valderrama Quiceno,E (2374)-Kantans,T (2514) Chess.com INT 2015}) 9. d4 exd4 10. cxd4 {[%emt 0:00:09] Black must now prevent d5.} cxd4 (10... d5 $11) 11. Nxd4 $16 Nxd4 12. Bxd4 Bxd4 13. Qxd4 Qf6 14. Qd2 Ne7 15. f4 O-O 16. O-O Rfd8 ({Better is} 16... d5 $14) 17. Nc3 Rac8 18. Rf2 a6 19. f5 Bc4 20. fxg6 Qxg6 21. Kh2 Kh8 22. Rd1 Nc6 {[%emt 0:01:22] [#]} (22... Qg7 $16 23. e5 h4) 23. Rf5 $1 $18 Rg8 (23... f6 {is a better defense.} 24. Bf3 Be6) 24. Qf4 {[%emt 0:00:10] Weighted Error Value: White=0.06 (flawless) /Black=0.29 (precise)} ({Not} 24. Qxd6 Be6 $16) 1-0

[Event "II Llinars Open 2022"]
[Site "Llinars del Valles"]
[Date "2022.07.02"]
[Round "8.5"]
[White "Fanninger, Leon"]
[Black "Parra Ordorica, Gorka"]
[Result "1/2-1/2"]
[ECO "A33"]
[WhiteElo "2157"]
[BlackElo "1777"]
[Annotator "RC"]
[PlyCount "109"]
[EventDate "2022.06.24"]
[EventType "swiss"]
[EventCountry "ESP"]
[SourceTitle "playchess.com"]
[Source "ChessBase"]
[SourceQuality "1"]
[TimeControl "5400+30"]

1. Nf3 Nf6 2. g3 e6 3. Bg2 c5 4. O-O Nc6 5. d4 cxd4 6. Nxd4 a6 7. c4 Qc7 8. b3 d6 9. Bb2 Be7 10. Nc3 Bd7 11. Rc1 O-O 12. Qd2 Rac8 13. e4 Rfd8 14. h3 Qb8 15. a4 Be8 16. Rfd1 Nd7 17. Rb1 Nc5 18. Ba1 Bf6 19. Nce2 Nxd4 20. Nxd4 b5 21. axb5 axb5 22. g4 Bxd4 23. Bxd4 e5 24. Be3 bxc4 25. bxc4 Qc7 26. Bxc5 dxc5 27. Qe3 Rd4 28. Bf1 Rcd8 29. Be2 Bc6 30. f3 Rxd1+ 31. Rxd1 Rd4 32. Ra1 g6 33. Qa3 Qd6 34. Rb1 Kg7 35. Kf2 Rd2 36. Qe3 Ba4 37. Ke1 Ra2 38. Rc1 Qd4 39. Rc3 Ra1+ 40. Kf2 Bd1 41. Rd3 Qxe3+ 42. Kxe3 Bxe2 43. Kxe2 Rc1 44. Rd5 Rxc4 45. Rxe5 Kf6 46. Rd5 Ke6 47. Rd8 Kf6 48. Rh8 Kg7 49. Rc8 Rc3 50. h4 h6 51. g5 h5 52. f4 Rh3 53. Rxc5 Rxh4 54. Kf3 Rh3+ 55. Kf2 1/2-1/2

[Event "II Llinars Open 2022"]
[Site "Llinars del Valles"]
[Date "2022.07.02"]
[Round "8.6"]
[White "Casares Bonals, Asier"]
[Black "Diaz Perez, Michel Alejandro"]
[Result "1/2-1/2"]
[ECO "B52"]
[WhiteElo "1741"]
[BlackElo "2439"]
[Annotator "TA"]
[PlyCount "57"]
[EventDate "2022.06.24"]
[EventType "swiss"]
[EventCountry "ESP"]
[SourceTitle "playchess.com"]
[Source "ChessBase"]
[SourceQuality "1"]
[TimeControl "5400+30"]

1. e4 c5 2. Nf3 d6 3. Bb5+ Bd7 4. Bxd7+ Nxd7 5. c4 Ngf6 6. Nc3 g6 7. d4 cxd4 8. Nxd4 Bg7 9. O-O O-O {[%emt 0:01:44] B52: Sicilian: Moscow Variation with 3...Bd7.} 10. h3 (10. b3 $142) 10... a6 11. Be3 Rc8 {[%emt 0:02:01] The position is equal.} 12. b3 {[%emt 0:14:38] [#]} (12. Qb3 $11 {remains equal.}) 12... Nc5 $146 ({Black should play} 12... b5 $1 $17) ({Predecessor:} 12... b5 13. Rc1 bxc4 14. bxc4 Ne5 15. Bg5 Nxc4 16. Bxf6 Bxf6 17. Nd5 e6 18. Nxf6+ Qxf6 {0-1 (65) Goryachkina,A (2610)-Gupta,A (2628) Chess.com INT 2022}) 13. f3 $14 e6 14. Rc1 h6 15. Qd2 Kh7 16. Rfd1 d5 (16... Qa5 $14) 17. cxd5 exd5 18. exd5 {[%emt 0:02:14] [#]} (18. Nde2 $16) 18... Nxd5 $11 19. Nxd5 Qxd5 20. Ne2 Qxd2 21. Rxd2 Ne6 22. Rxc8 Rxc8 23. Nf4 Rd8 (23... Nxf4 $11 {feels stronger.} 24. Bxf4 g5) 24. Nxe6 $14 Rxd2 25. Bxd2 fxe6 {[%emt 0:00:03] White has an edge.} 26. Kf2 Kg8 27. Ke3 Kf7 28. Kd3 Ke7 29. Bb4+ {[%emt 0:03:03] Weighted Error Value: White=0.23 (precise) /Black=0.28 (precise)} 1/2-1/2

[Event "II Llinars Open 2022"]
[Site "Llinars del Valles"]
[Date "2022.07.02"]
[Round "8.7"]
[White "Prats Safont, Sergi"]
[Black "Juan Mas, Santiago"]
[Result "1-0"]
[ECO "B07"]
[WhiteElo "2206"]
[BlackElo "1889"]
[Annotator "RC"]
[PlyCount "68"]
[EventDate "2022.06.24"]
[EventType "swiss"]
[EventCountry "ESP"]
[SourceTitle "playchess.com"]
[Source "ChessBase"]
[SourceQuality "1"]
[TimeControl "5400+30"]

1. e4 d6 2. d4 Nf6 3. Nc3 c6 4. Be3 Qa5 5. f3 e5 6. Nge2 Be7 7. Qd2 O-O 8. g4 b5 9. Ng3 exd4 10. Bxd4 b4 11. Nd1 c5 12. Bxf6 Bxf6 13. g5 Be7 14. h4 d5 15. Ne3 dxe4 16. fxe4 Rd8 17. Nd5 Bd6 18. Nh5 Be6 19. Bc4 Nd7 20. O-O-O Ne5 21. Qe2 Nxc4 22. Qxc4 b3 23. cxb3 Rab8 24. Qc3 Qxc3+ 25. bxc3 Kf8 26. Rhg1 a5 27. Nhf4 Bc8 28. h5 a4 29. Kc2 axb3+ 30. axb3 Bb7 31. Rgf1 Bxf4 32. Rxf4 Re8 33. c4 Re5 34. g6 h6 1-0